 Dungeon Crawl Stone Soup version 0.31-a0-237-g2d982f9f85 (webtiles) character file.

Game seed: 2052388013037545975

6522 qw the Skirmisher (level 11, -2/69 HPs)
             Began as a Gargoyle Hexslinger on July 11, 2023.
             Was a Believer of Okawaru.
             Slain by a killer bee (7 damage)
             ... on level 9 of the Dungeon.
             The game lasted 00:04:08 (8765 turns).

qw the Skirmisher (Gargoyle Hexslinger)             Turns: 8765, Time: 00:04:08

Health: -2/69      AC: 16    Str: 19    XL:     11   Next: 0%
Magic:  12/14      EV: 17    Int: 13    God:    Okawaru [**....]
Gold:   140        SH:  0    Dex: 16    Spells: 11/12 levels left

rFire   + . .        b - +1 longbow (heavy)
rCold   . . .        (shield currently unavailable)
rNeg    + . .        c - +0 ring mail {rF+}
rPois   inf          (helmet restricted)
rElec   +            a - +0 cloak
rCorr   .            (no gloves)
SInv    .            (no boots)
Will    .....        j - amulet of the acrobat
Stlth   ++           l - +2 ring of evasion
HPRegen 0.31/turn    m - +6 ring of strength
MPRegen 0.14/turn

%: acrobat
@: about to teleport, heroic
A: sickness immunity, AC +8, negative energy resistance 1, electricity
resistance, torment resistance 1, petrification resistance, antennae 1, wild
magic 1, inability to drink after injury 1, MP-powered wands
a: Renounce Religion, Heroism


You were on level 9 of the Dungeon.
You worshipped Okawaru.
Okawaru was pleased with you.
You visited 2 branches of the dungeon, and saw 10 of its levels.

You collected 456 gold pieces.
You spent 316 gold pieces at shops.


Innate Abilities, Weirdness & Mutations

You are immune to sickness and miasma.
Your stone body is resilient. (AC +8)
You are immune to poison.
You resist negative energy. (rN+)
You are resistant to electric shocks. (rElec)
You are resistant to unholy torment.
You are immune to petrification.
You have a pair of small antennae on your head.
Your spells are a little harder to cast, but a little more powerful.
You occasionally lose the ability to drink potions when taking damage.
You expend magic power (3 MP) to strengthen your wands.


   Skills:
 + Level 8.8(13.8) Fighting
 - Level 13.0(18.0) Ranged Weapons
 - Level 3.0(8.0) Armour
 - Level 3.2(8.2) Dodging
 - Level 1.0 Spellcasting
 - Level 2.6 Hexes
 - Level 4.0 Invocations


You had 11 spell levels left.
You knew the following spells:

 Your Spells              Type           Power      Damage    Failure   Level
a - Slow                  Hex            36%        N/A       21%         1

Your spell library contained the following spells:

 Spells                   Type           Power      Damage    Failure   Level
 Inner Flame              Hex/Fire       5%         N/A       67%         3
 Portal Projectile        Hex/Tloc       10%        N/A       67%         3
 Cause Fear               Hex            4%         N/A       87%         4

Inventory:

Hand Weapons
 b - a +1 heavy longbow (weapon)
Armour
 a - a +0 cloak (worn)
 c - a +0 ring mail of fire resistance (worn)
Jewellery
 j - an amulet of the acrobat (around neck)
 l - a +2 ring of evasion (left hand)
 m - a +6 ring of strength (right hand)
Scrolls
 o - a scroll of identify
Potions
 e - a potion of might
 f - a potion of haste
 i - a potion of enlightenment
 n - a potion of magic

Dungeon Overview and Level Annotations

Branches:
Dungeon (9/15)             Temple (1/1) D:5
   Lair: D:8-11         Orc: D:9-12

Altars:
Ashenzari
Cheibriados
Dithmenos
Elyvilon
Fedhas
Gozag
Kikubaaqudgha
Makhleb
Nemelex Xobeh
Okawaru
Qazlal
Sif Muna
Trog
Uskayaw
Vehumet
Wu Jian
Xom
Yredelemnul
Zin
The Shining One

Shops:
D:1 ?   D:3 =   D:7 ?[


Message History

The killer bee stings you but does no damage.
The killer bee barely misses you. The killer bee closely misses you.
The killer bee barely misses you. The killer bee misses you.
The killer bee completely misses you. The yak gores you but does no damage.
The killer bee stings you but does no damage. x2
The killer bee closely misses you. The killer bee completely misses you.
You shoot an arrow. The arrow hits the yak!
You kill the yak!
Okawaru accepts your kill. The killer bee closely misses you.
The killer bee barely misses you. The killer bee stings you.
The killer bee misses you.
The killer bee closely misses you. x2; The killer bee misses you.
The killer bee closely misses you.
You shoot an arrow. The arrow hits the killer bee!!!
You kill the killer bee!
Okawaru accepts your kill. The killer bee closely misses you.
The killer bee barely misses you. The killer bee completely misses you.
The killer bee misses you. The killer bee completely misses you.
The killer bee misses you.
The killer bee stings you but does no damage.
The killer bee misses you. The killer bee closely misses you.
The yak completely misses you.
You shoot an arrow. The arrow hits the yak!!
You kill the yak!
Okawaru accepts your kill. The killer bee closely misses you.
The killer bee misses you.
The killer bee stings you but does no damage.
The killer bee closely misses you. x2; The killer bee stings you.
The killer bee completely misses you. The killer bee stings you.
The killer bee barely misses you.
You have reached level 11!
8764 ||| READING scroll of teleportation.
As you read the scroll of teleportation, it crumbles to dust.
You feel strangely unstable. The killer bee barely misses you.
The killer bee closely misses you. The killer bee stings you.
The killer bee misses you. x3
You shoot an arrow. The arrow misses the killer bee.
The killer bee stings you but does no damage.
The killer bee completely misses you. The killer bee stings you!
You die...

#.... #......# +.#.#
##......# ###..
#.......# #.#..
.......#########....
#.............Yyy...
#.............Yy?...
#.y%.........Yy%...
#@y.........Y.....
##y........Y......
##.............#
...........##
##.......##
..###..##


You could see 3 killer bees.

Vanquished Creatures
  A manticore (D:7)
  6 yaks (D:9)
  Menkaure (D:6)
  A hornet zombie (D:7)
  3 orc warriors
  4 black bears
  3 ogres
  4 centaurs
  2 phantoms
  3 kobold brigands
  2 gnoll sergeants (D:6)
  2 bullfrogs
  4 scorpions
  A water moccasin zombie (D:7)
  9 wights
  24 killer bees
  A howler monkey (D:5)
  2 bullfrog zombies (D:7)
  A jelly (D:6)
  A gnoll bouda (D:6)
  6 hounds
  4 orc priests
  A sleepcap (D:5)
  4 iguanas
  14 orc wizards
  3 killer bee zombies (D:7)
  A howler monkey zombie (D:7)
  13 gnolls (D:6)
  10 adders
  A shadow imp (D:7)
  2 white imps
  3 ufetubi
  A worm (D:4)
  61 orcs
  3 ball pythons
  7 bats
  3 endoplasms
  4 giant cockroaches
  4 goblins
  A hobgoblin (D:4)
  2 quokkas
  6 frilled lizards
  17 kobolds
  5 rats
251 creatures vanquished.

Notes
Turn   | Place    | Note
-------+----------+-------------------------------------------
     0 | D:1      | qw the Gargoyle Hexslinger began the quest for the Orb.
     0 | D:1      | Reached XP level 1. HP: 12/12 MP: 2/2
     0 | D:1      | 0 ||| qw: Version: 0.3-a-52-g30416fa
     0 | D:1      | 0 ||| qw: Game counter: 5740
     0 | D:1      | 0 ||| qw: Melee chars always use a shield: true
     0 | D:1      | 0 ||| qw: God list: Okawaru
     0 | D:1      | 0 ||| qw: Allow faded altars: false
     0 | D:1      | 0 ||| qw: Do Orc after clearing Dungeon:15 true
     0 | D:1      | 0 ||| qw: Do second Lair branch before Depths: true
     0 | D:1      | 0 ||| qw: Lair rune preference: random
     0 | D:1      | 0 ||| qw: Goals: Normal
     0 | D:1      | 0 ||| PLANNING D:1-11
    35 | D:1      | Found Haewic's Magic Scroll Shop.
    46 | D:1      | 46 ||| SHOPLISTING scroll of identify (22 gold, have 0).
   225 | D:1      | Reached XP level 2. HP: 16/16 MP: 3/3
   610 | D:1      | 610 ||| UPGRADING to amulet of the acrobat.
   615 | D:1      | 615 ||| READING scroll labelled NEIRIU REEN.
   616 | D:1      | 616 ||| READING scroll labelled LOOMNO HUSHISTA.
   617 | D:1      | 617 ||| READING 2 scrolls labelled BUJA YSIOCW.
   618 | D:1      | 618 ||| READING scroll of brand weapon.
   618 | D:1      | 618 ||| BRANDING +1 sling of draining.
   619 | D:1      | 619 ||| DROPPING scroll of poison.
   673 | D:2      | Reached skill level 3 in Ranged Weapons
   738 | D:2      | Reached XP level 3. HP: 21/21 MP: 4/4
  1051 | D:2      | 1051 ||| UPGRADING to +0 cloak.
  1056 | D:2      | 1056 ||| READING scroll labelled XAOTISKUEF.
  1059 | D:2      | 1059 ||| READING scroll labelled OHIARA NUUV.
  1060 | D:2      | 1060 ||| DRINKING 2 lumpy ruby potions.
  1061 | D:2      | 1061 ||| DROPPING potion of degeneration.
  1201 | D:3      | Reached XP level 4. HP: 26/26 MP: 5/5
  1282 | D:3      | 1282 ||| DROPPING +0 heavy sling.
  1298 | D:3      | Found Poic's One-of-a-Kind Rings.
  1303 | D:3      | 1303 ||| BUYING +2 ring of evasion (84 gold).
  1303 | D:3      | Bought a +2 ring of evasion for 84 gold pieces
  1303 | D:3      | 1303 ||| SHOPLISTING +6 ring of protection (1092 gold, have
                  | 72).
  1303 | D:3      | 1303 ||| SHOPLISTING ring "Osoimex" {AC+4 Str+4 Dex+5 SInv}
                  | (925 gold, have 72).
  1303 | D:3      | 1303 ||| SHOPLISTING ring "Pacliobe" {rN+ Dex+9} (642 gold,
                  | have 72).
  1303 | D:3      | 1303 ||| SHOPLISTING ring of Ymun {Fly rPois rCorr} (485
                  | gold, have 72).
  1564 | D:3      | Reached skill level 4 in Ranged Weapons
  1647 | D:3      | Noticed a phantom
  1666 | D:3      | Killed a phantom
  1667 | D:3      | Reached skill level 5 in Ranged Weapons
  1667 | D:3      | Reached XP level 5. HP: 15/30 MP: 6/6
  1897 | D:3      | 1897 ||| UPGRADING to +0 leather armour.
  1907 | D:3      | 1907 ||| DROPPING +0 robe.
  1908 | D:3      | 1908 ||| UPGRADING to +2 ring of evasion.
  1909 | D:3      | 1909 ||| READING 2 scrolls labelled UXZAESSI ELLOAPROS.
  1910 | D:3      | 1910 ||| READING scroll labelled EXTOIG SENUT.
  2011 | D:3      | 2011 ||| DROPPING scroll of noise.
  2035 | D:4      | 2035 ||| STAIRDANCE
  2216 | D:4      | Noticed an ogre
  2224 | D:4      | Killed an ogre
  2225 | D:4      | Reached XP level 6. HP: 38/38 MP: 7/7
  2278 | D:4      | Reached skill level 6 in Ranged Weapons
  2448 | D:4      | Found a shimmering blue altar of Sif Muna.
  2611 | D:4      | Reached XP level 7. HP: 43/43 MP: 8/8
  3388 | D:4      | 3388 ||| UPGRADING to +0 ring mail.
  3398 | D:4      | 3398 ||| DROPPING +0 leather armour.
  3399 | D:4      | 3399 ||| DRINKING 2 grey potions.
  3400 | D:4      | 3400 ||| DRINKING 2 pink potions.
  3400 | D:4      | Gained mutation: You have an increased reservoir of magic.
                  | (+10% MP) [potion of mutation]
  3400 | D:4      | Gained mutation: You do not regenerate when monsters are
                  | visible. [potion of mutation]
  3400 | D:4      | Gained mutation: You expend magic power (3 MP) to
                  | strengthen your wands. [potion of mutation]
  3400 | D:4      | Gained mutation: Your spells are a little harder to cast,
                  | but a little more powerful. [potion of mutation]
  3401 | D:4      | 3401 ||| DRINKING potion of mutation.
  3401 | D:4      | Lost mutation: You have an increased reservoir of magic.
                  | (+10% MP) [potion of mutation]
  3401 | D:4      | Lost mutation: You do not regenerate when monsters are
                  | visible. [potion of mutation]
  3401 | D:4      | Gained mutation: You occasionally lose the ability to drink
                  | potions when taking damage. [potion of mutation]
  3401 | D:4      | Gained mutation: You have a pair of small antennae on your
                  | head. [potion of mutation]
  3402 | D:4      | 3402 ||| DRINKING 2 smoky ruby potions.
  3423 | D:5      | Entered Level 5 of the Dungeon
  3439 | D:5      | Found a broken altar of Ashenzari.
  3545 | D:5      | Reached skill level 7 in Ranged Weapons
  3675 | D:5      | HP: 9/43 [iguana (7)]
  3676 | D:5      | 3676 ||| READING 2 scrolls of teleportation.
  3843 | D:5      | Found a staircase to the Ecumenical Temple.
  3844 | D:5      | 3844 ||| PLANNING TEMPLE
  3844 | D:5      | 3844 ||| DROPPING amulet of guardian spirit.
  3856 | Temple   | Entered the Ecumenical Temple
  3894 | Temple   | 3894 ||| PLANNING OKAWARU WORSHIP
  4086 | Temple   | Became a worshipper of Warmaster Okawaru
  4087 | Temple   | 4087 ||| PLANNING D:1-11
  4219 | D:5      | Reached skill level 8 in Ranged Weapons
  4219 | D:5      | Reached XP level 8. HP: 19/48 MP: 9/9
  4219 | D:5      | HP: 12/48 [iguana (7)]
  4220 | D:5      | 4220 ||| READING scroll of teleportation.
  4469 | D:5      | 4469 ||| READING scroll of brand weapon.
  4469 | D:5      | 4469 ||| BRANDING +1 sling of freezing.
  4763 | D:5      | Reached * piety under Okawaru
  4793 | D:5      | Reached skill level 1 in Invocations
  4875 | D:5      | Found a glowing silver altar of Zin.
  4875 | D:5      | Noticed an angel
  4944 | D:5      | 4944 ||| READING scroll labelled ETEWNA PENUN.
  5062 | D:6      | 5062 ||| INVOKING Heroism.
  5082 | D:6      | Found a shadowy altar of Dithmenos.
  5087 | D:6      | Noticed Menkaure
  5088 | D:6      | 5088 ||| INVOKING Heroism.
  5094 | D:6      | Killed Menkaure
  5095 | D:6      | Reached skill level 9 in Ranged Weapons
  5131 | D:6      | Identified the +1 whip of Arrival {freeze, rC++ Will+ rCorr
                  | Dex-5}
  5395 | D:6      | Found a glowing golden altar of the Shining One.
  5420 | D:6      | 5420 ||| INVOKING Heroism.
  5518 | D:6      | Found a bloodstained altar of Trog.
  5520 | D:6      | 5520 ||| UPGRADING to +6 ring of strength.
  5521 | D:6      | 5521 ||| DRINKING 2 lumpy coppery potions.
  5522 | D:6      | 5522 ||| DROPPING potion of invisibility.
  5537 | D:6      | Identified the +7 trident of Tuzilev {freeze, Fragile rPois
                  | Int-3 Stlth+}
  5553 | D:6      | Reached skill level 3 in Invocations
  5613 | D:6      | 5613 ||| SWAPPING to +0 orcbow.
  5614 | D:6      | 5614 ||| DROPPING +2 sling of draining.
  5639 | D:6      | 5639 ||| INVOKING Heroism.
  5645 | D:6      | Reached skill level 6 in Fighting
  5645 | D:6      | Reached XP level 9. HP: 55/55 MP: 8/11
  5750 | D:6      | 5750 ||| INVOKING Heroism.
  5752 | D:6      | 5752 ||| Stepping ~*~*~tactically~*~*~ (outnumbered).
  5863 | D:6      | 5863 ||| INVOKING Heroism.
  5894 | D:6      | 5894 ||| INVOKING Heroism.
  5909 | D:6      | 5909 ||| INVOKING Heroism.
  5914 | D:6      | Reached skill level 10 in Ranged Weapons
  5917 | D:6      | HP: 13/55 [orc wizard/+0 dagger (4)]
  5918 | D:6      | 5918 ||| READING 2 scrolls of teleportation.
  5919 | D:6      | 5919 ||| DRINKING potion of heal wounds.
  6066 | D:6      | 6066 ||| FLEEEEING.
  6067 | D:6      | 6067 ||| FLEEEEING.
  6068 | D:6      | 6068 ||| FLEEEEING.
  6069 | D:6      | 6069 ||| FLEEEEING.
  6070 | D:6      | 6070 ||| FLEEEEING.
  6071 | D:6      | 6071 ||| FLEEEEING.
  6072 | D:6      | 6072 ||| FLEEEEING.
  6073 | D:6      | 6073 ||| FLEEEEING.
  6074 | D:6      | 6074 ||| FLEEEEING.
  6075 | D:6      | 6075 ||| FLEEEEING.
  6076 | D:6      | 6076 ||| FLEEEEING.
  6077 | D:6      | 6077 ||| FLEEEEING.
  6078 | D:6      | 6078 ||| FLEEEEING.
  6079 | D:6      | 6079 ||| FLEEEEING.
  6080 | D:6      | 6080 ||| FLEEEEING.
  6081 | D:6      | 6081 ||| FLEEEEING.
  6082 | D:6      | 6082 ||| FLEEEEING.
  6149 | D:6      | 6149 ||| READING 2 scrolls labelled XIBLEFR GOUMA.
  6409 | D:6      | 6409 ||| READING scroll labelled SAPUGUE MUOFF.
  6410 | D:6      | 6410 ||| READING scroll labelled FUYGUL UTOIHO.
  6411 | D:6      | 6411 ||| READING 3 scrolls of identify.
  6411 | D:6      | 6411 ||| IDENTIFYING bubbling clear potion
  6412 | D:6      | 6412 ||| READING 2 scrolls of identify.
  6412 | D:6      | 6412 ||| IDENTIFYING coppery potion
  6413 | D:6      | 6413 ||| DROPPING potion of berserk rage.
  6489 | D:7      | Noticed a manticore
  6490 | D:7      | 6490 ||| INVOKING Heroism.
  6503 | D:7      | Killed a manticore
  6634 | D:7      | Found a blossoming altar of Fedhas.
  6656 | D:7      | Reached skill level 11 in Ranged Weapons
  6806 | D:7      | 6806 ||| Stepping ~*~*~tactically~*~*~ (outnumbered).
  6809 | D:7      | 6809 ||| INVOKING Heroism.
  6816 | D:7      | 6816 ||| DRINKING potion of curing.
  6816 | D:7      | 6816 ||| (to cure confusion)
  6890 | D:7      | 6890 ||| INVOKING Heroism.
  6892 | D:7      | Reached skill level 3 in Dodging
  6892 | D:7      | Reached XP level 10. HP: 41/63 MP: 10/13
  7015 | D:7      | Found a basalt altar of Yredelemnul.
  7109 | D:7      | Reached skill level 3 in Armour
  7129 | D:7      | Found a hide-covered altar of Uskayaw.
  7175 | D:7      | Found Atumelai's Armour Shop.
  7178 | D:7      | 7178 ||| BUYING +0 ring mail of fire resistance (176 gold).
  7178 | D:7      | Bought a +0 ring mail of fire resistance for 176 gold
                  | pieces
  7178 | D:7      | 7178 ||| SHOPLISTING +2 ring mail of willpower (336 gold,
                  | have 90).
  7324 | D:7      | Found Nism's Magic Scroll Boutique.
  7331 | D:7      | Reached ** piety under Okawaru
  7333 | D:7      | 7333 ||| BUYING scroll of identify (28 gold).
  7333 | D:7      | Bought a scroll of identify for 28 gold pieces
  7333 | D:7      | 7333 ||| BUYING scroll of identify (28 gold).
  7333 | D:7      | Bought a scroll of identify for 28 gold pieces
  7333 | D:7      | 7333 ||| SHOPLISTING scroll of teleportation (42 gold, have
                  | 34).
  7388 | D:7      | 7388 ||| INVOKING Heroism.
  7450 | D:7      | 7450 ||| FLEEEEING.
  7451 | D:7      | 7451 ||| FLEEEEING.
  7452 | D:7      | 7452 ||| FLEEEEING.
  7453 | D:7      | 7453 ||| FLEEEEING.
  7454 | D:7      | 7454 ||| FLEEEEING.
  7455 | D:7      | 7455 ||| FLEEEEING.
  7457 | D:7      | 7457 ||| FLEEEEING.
  7458 | D:7      | 7458 ||| FLEEEEING.
  7459 | D:7      | 7459 ||| FLEEEEING.
  7461 | D:7      | 7461 ||| FLEEEEING.
  7462 | D:7      | 7462 ||| STAIRDANCE
  7484 | D:6      | 7484 ||| UPGRADING to +0 ring mail of fire resistance.
  7494 | D:6      | 7494 ||| DROPPING +0 ring mail.
  7495 | D:6      | 7495 ||| READING scroll labelled HOFA CORCHOIDGH.
  7495 | D:6      | Identified a scroll of acquirement
  7495 | D:6      | 7495 ||| ACQUIRING +1 heavy longbow
  7495 | D:6      | Acquired a +1 heavy longbow
  7497 | D:6      | 7497 ||| SWAPPING to +1 heavy longbow.
  7498 | D:6      | 7498 ||| DROPPING +0 orcbow.
  7499 | D:6      | 7499 ||| READING 4 scrolls of identify.
  7499 | D:6      | 7499 ||| IDENTIFYING dark potion
  7500 | D:6      | 7500 ||| READING 3 scrolls of identify.
  7500 | D:6      | 7500 ||| IDENTIFYING cyan potion
  7501 | D:6      | 7501 ||| READING 2 scrolls of identify.
  7501 | D:6      | 7501 ||| IDENTIFYING fuming coppery potion
  7502 | D:6      | 7502 ||| DROPPING potion of ambrosia.
  7503 | D:6      | 7503 ||| DROPPING potion of attraction.
  7524 | D:7      | Found a radiant altar of Vehumet.
  7730 | D:8      | 7730 ||| INVOKING Heroism.
  7743 | D:8      | 7743 ||| INVOKING Heroism.
  7767 | D:8      | 7767 ||| FLEEEEING.
  7768 | D:8      | 7768 ||| STAIRDANCE
  8140 | D:8      | 8140 ||| INVOKING Heroism.
  8148 | D:8      | Reached skill level 12 in Ranged Weapons
  8525 | D:8      | 8525 ||| DRINKING 2 ruby potions.
  8526 | D:8      | 8526 ||| DRINKING 2 fizzy cyan potions.
  8619 | D:9      | 8619 ||| INVOKING Heroism.
  8675 | D:9      | 8675 ||| Stepping ~*~*~tactically~*~*~ (outnumbered).
  8677 | D:9      | 8677 ||| INVOKING Heroism.
  8739 | D:9      | 8739 ||| INVOKING Heroism.
  8741 | D:9      | HP: 16/64 [killer bee (4)]
  8742 | D:9      | 8742 ||| READING 2 scrolls of teleportation.
  8743 | D:9      | 8743 ||| DRINKING potion of heal wounds.
  8756 | D:9      | Reached skill level 13 in Ranged Weapons
  8758 | D:9      | 8758 ||| INVOKING Heroism.
  8763 | D:9      | HP: 12/65 [killer bee (6)]
  8764 | D:9      | Reached XP level 11. HP: 8/69 MP: 11/14
  8764 | D:9      | 8764 ||| READING scroll of teleportation.
  8764 | D:9      | HP: 5/69 [killer bee (3)]
  8765 | D:9      | Slain by a killer bee

Levels and vault maps discovered:
D:1:      saegor_arrival_simple_b, layout_loops_cross, serial_shops, shop
D:2:      layout_basic
D:3:      layout_loops_ring, kennysheep_pointless_box, serial_park_tiny_1,
          nicolae_shop_unique_rings, minivault_4, kennysheep_donut,
          hangedman_decor_growths
D:4:      layout_layer_cave, mainiacjoe_overflow_alcove_1
D:5:      layout_loops_corners, zin_angel, lemuel_doored_altar,
          minmay_temple_entry_gardened_gates
D:6:      layout_loops_corners, nicolae_overflow_crystal_walls, tso_metal_star,
          mainiacjoe_overflow_brackets, grunt_potential, uniq_menkaure
D:7:      layout_loops_ring, lemuel_coloured_pillars_altar, old_standard_altar,
          overflow_temple_1_default, nicolae_yredelemnul_corpse_copse,
          serial_shops, nicolae_shop_trees, nicolae_shop_tiny_real_fake_doors
D:8:      layout_rooms, minmay_misc_feat_x
D:9:      layout_cave_pods, nicolae_hepliaklqana_monster_ancestors,
          hangedman_ru_absence, minmay_crystal_room, columned_hall_lemuel,
          minivault_19
Temple:   jpeg_temple_alley_garden

Skill      XL: |  1  2  3  4  5  6  7  8  9 10 |
---------------+-------------------------------+-----
Ranged Weapons | 3 5 6 8 9 11 13 | 13.0
Fighting       | 2 4 6 7 8 |  8.8
Armour         | 2 3 |  3.0
Invocations    | 3 4 |  4.0
Dodging        | 2 3 |  3.2
Spellcasting   | |  1.0
Hexes          | |  2.6

Action                     |  1- 3 |  4- 6 |  7- 9 | 10-12 || total
---------------------------+-------+-------+-------+-------++-------
   Fire: Sling             |    84 |   145 |   287 |       ||   516
         Orcbow            |       |       |   226 |    86 ||   312
         Longbow           |       |       |       |   148 ||   148
 Invoke: Heroism           |       |       |    11 |     8 ||    19
    Use: Scroll            |     6 |     2 |    10 |     6 ||    24
         Potion            |     1 |       |     7 |     3 ||    11
 Armour: Robe              |    18 |     9 |       |       ||    27
         Leather armour    |       |    23 |       |       ||    23
         Ring mail         |       |       |   146 |   191 ||   337
  Dodge: Dodged            |    26 |    65 |   235 |   416 ||   742

Table legend:
 A = Non-vault XP
 B = Vault XP
 C = Vault XP percentage of total XP
 D = Non-vault monster count
 E = Vault monster count
 F = Vault count percentage of total count
                 A         B        C        D         E       F
            +---------+---------+-------+---------+---------+-------
      Total |    7868 |    1450 |  15.6 |     213 |      38 |  15.1
            +---------+---------+-------+---------+---------+-------
        D:1 |      15 |       0 |   0.0 |       9 |       0 |   0.0
        D:2 |      48 |       0 |   0.0 |      16 |       0 |   0.0
        D:3 |     180 |       0 |   0.0 |      16 |       0 |   0.0
        D:4 |     620 |       0 |   0.0 |      31 |       0 |   0.0
        D:5 |     820 |       0 |   0.0 |      16 |       0 |   0.0
        D:6 |     718 |    1041 |  59.2 |      34 |      30 |  46.9
        D:7 |    1825 |     409 |  18.3 |      32 |       8 |  20.0
        D:8 |    1454 |       0 |   0.0 |      33 |       0 |   0.0
        D:9 |    2188 |       0 |   0.0 |      26 |       0 |   0.0
            +---------+---------+-------+---------+---------+-------
